 Dungeon Crawl Stone Soup version 0.22-a0-247-gbddf880 (webtiles) character file.

15730 matakusis the Convoker (level 12, 0/59 HPs)
             Began as a Deep Elf Summoner on Feb 25, 2018.
             Was a High Priest of Sif Muna.
             Slain by a red devil
             ... wielding a +0 trident
             ... summoned by the player character
              (16 damage)
             ... on level 5 of the Lair of Beasts.
             The game lasted 02:15:07 (15275 turns).

matakusis the Convoker (Deep Elf Summoner)         Turns: 15275, Time: 02:15:08

Health: 0/59       AC:  8    Str:  5    XL:     12   Next: 3%
Magic:  2/41       EV:  9    Int: 29    God:    Sif Muna [*****.]
Gold:   1066       SH:  0    Dex: 12    Spells: 16/39 levels left

rFire    . . .     SeeInvis +   u - +0 shortbow
rCold    + . .     Gourm    .   (shield currently unavailable)
rNeg     + . .     Faith    +   F - +1 ring mail "Cuthahue" {rElec Int+3 Dex-3 Slay+3}
rPois    .         Spirit   .   p - +0 helmet
rElec    +         Reflect  .   (no cloak)
rCorr    +         Harm     .   (no gloves)
MR       .....                  q - +0 pair of boots
Stlth    ++........             H - amulet of Imeimay {Faith rC+ SInv}
HPRegen  0.19/turn              i - ring "Defaun" {rCorr rN+ MR- Stlth+}
MPRegen  0.27/turn              K - ring of magical power

@: divine energy
A: no striking features
a: Stop Divine Energy, Channel Magic, Forget Spell, Renounce Religion


You were on level 5 of the Lair of Beasts.
You worshipped Sif Muna.
Sif Muna was extremely pleased with you.
You were not hungry.

You visited 3 branches of the dungeon, and saw 16 of its levels.

You collected 1066 gold pieces.

Inventory:

Hand Weapons
 u - a +0 shortbow (weapon)
Missiles
 c - 538 stones
 d - 247 arrows (quivered)
 s - 15 curare-tipped needles
 I - 2 throwing nets
 L - 2 needles of confusion
Armour
 p - a +0 helmet (worn)
 q - a +0 pair of boots (worn)
 w - the +4 leather armour of the Orb Guardian {Stlth+}
   (You found it on level 6 of the Dungeon)

   It makes you more stealthy.
 F - the +1 ring mail "Cuthahue" (worn) {rElec Int+3 Dex-3 Slay+3}
   (You found it on level 9 of the Dungeon)

   It affects your intelligence (+3).
   It affects your dexterity (-3).
   It affects your accuracy and damage with ranged weapons and melee attacks
   (+3).
   It insulates you from electricity.
Jewellery
 i - the ring "Defaun" (left hand) {rCorr rN+ MR- Stlth+}
   (You acquired it on level 3 of the Lair of Beasts)

   [ring of resist corrosion]

   It protects you from negative energy.
   It affects your resistance to hostile enchantments.
   It makes you more stealthy.
 k - an uncursed ring of poison resistance
 H - the amulet of Imeimay (around neck) {Faith rC+ SInv}
   (You acquired it on level 9 of the Dungeon)

   [amulet of faith]

   It allows you to gain divine favour quickly.
   It protects you from cold.
   It lets you see invisible.
 K - a ring of magical power (right hand)
 Q - an uncursed amulet of the acrobat
Wands
 n - a wand of digging (29)
 o - a wand of scattershot (5)
 t - a wand of acid (16)
 y - a wand of enslavement (19)
 J - a wand of paralysis (4)
Scrolls
 a - 8 scrolls of remove curse
 j - 4 scrolls of identify
 l - 3 scrolls of enchant armour
 A - 2 scrolls of fog
 N - a scroll of immolation
Potions
 e - 3 potions of cancellation
 g - 2 potions of flight
 h - 2 potions of resistance
 m - 6 potions of curing
 r - 3 potions of heal wounds
 v - 2 potions of magic
 z - 3 potions of agility
 B - a potion of berserk rage
 C - 2 potions of lignification
 E - 4 potions of might
 G - 2 potions of haste
Miscellaneous
 f - a crystal ball of energy
 D - a crystal ball of energy
Comestibles
 b - 23 rations
 O - a chunk of flesh


   Skills:
 + Level 0.8 Bows
 - Level 2.4 Dodging
 - Level 2.5 Stealth
 + Level 14.0 Spellcasting
 * Level 5.2 Hexes
 * Level 16.5 Summonings
   Level 1.1 Ice Magic
 - Level 0.2 Air Magic


You had 16 spell levels left.
You knew the following spells:

 Your Spells              Type           Power        Failure   Level  Hunger
a - Summon Forest         Summ/Tloc      ######....   11%         5    None
b - Shadow Creatures      Summ           N/A          1%          6    ####...
c - Summon Lightning Spi  Summ/Air       ######..     3%          4    None
e - Summon Demon          Summ           #######...   1%          5    None
f - Confuse               Hex            ######..     4%          3    None


Dungeon Overview and Level Annotations

Branches:
Dungeon (10/15)            Temple (1/1) D:5            Lair (5/6) D:10
  Swamp (0/4) Lair:3       Spider (0/4) Lair:2          Orc (0/2) D:9
  Slime: Lair:5-6

Altars:
Ashenzari
Cheibriados
Dithmenos
Elyvilon
Fedhas
Gozag
Hepliaklqana
Kikubaaqudgha
Makhleb
Nemelex Xobeh
Okawaru
Qazlal
Ru
Sif Muna
Trog
Uskayaw
Vehumet
Wu Jian
Xom
Yredelemnul
Zin
The Shining One

Shops:
D:5 }


Message History

Okay, then.
Aiming: Enslavement
Press: ? - help, Shift-Dir - straight line, f - red devil
Aim: a red devil, wielding a trident (summoned, chance to defeat MR: 15%)
The red devil resists with almost no effort.
The komodo dragon bites your lightning spire!
The red devil hits you with a trident!
* * * LOW HITPOINT WARNING * * *
The komodo dragon bites your lightning spire!!
Your lightning spire is destroyed!
Okay, then.
As you read the scroll of fear, it crumbles to dust.
You assume a fearsome visage.
The water moccasin looks frightened!
The red devil is unaffected.
The red devil hits you but does no damage.
A porcupine comes into view.
You regain access to your magic.
The komodo dragon seems to regain its courage.
The red devil hits you from afar with a trident!
You die...

#....... ........ ............
........ #........... ........
...................# ...........#
#....$.............#
.......>...###.......r.........##
.............#P......S...Y......
...†.........#................#
..†......(.....P@............####
.............###..4...4..?....P.#
.............# #.......$.........
.............# ##.....l.#..###.#.
......)......## ####+#+###..###..
......<.......# #.P# ###
.............## #.##
#.†..........# ###
#.............#


You could see a komodo dragon, a red devil, a water moccasin (fleeing), a
porcupine and a friendly orange demon.

Vanquished Creatures
  3 hounds
  An orc wizard (D:6)
  A goblin (D:3)
  3 jackals (D:4)
  A jackal skeleton (D:6)
9 creatures vanquished.

Vanquished Creatures (collateral kills)
  2 hydras
  Erica (Lair:1)
  A two-headed ogre (D:10)
  Sonja (Lair:1)
  Pikel (D:8)
  A wolf spider (Lair:3)
  An ugly thing (D:9)
  2 black mambas
  8 elephants
  13 spiny frogs
  3 komodo dragons
  A troll (D:9)
  A merfolk (D:9)
  19 blink frogs
  4 hippogriffs
  2 redbacks (Lair:2)
  2 wyverns
  17 yaks
  2 basilisks (Lair:3)
  Grum (Lair:1)
  Eustachio (D:4)
  A steam dragon (D:9)
  Menkaure (D:6)
  Edmund (D:5)
  2 hell hounds (D:10)
  8 water moccasins
  12 orc warriors
  An ice beast (D:10)
  2 slaves (D:8)
  7 porcupines
  2 sky beasts
  7 ogres
  3 phantoms
  A black bear (Lair:2)
  10 wolves
  6 centaurs
  12 crocodiles
  3 big kobolds (D:9)
  12 bullfrogs
  3 gnoll sergeants (D:9)
  A water moccasin zombie (D:5)
  2 scorpions
  5 killer bees (D:7)
  3 wights (D:8)
  2 electric eels
  4 centaur zombies
  2 bullfrog zombies
  4 crimson imps
  2 quasits
  7 hounds
  2 jellies
  6 orc priests
  3 bullfrog skeletons
  10 orc wizards
  3 iguanas
  8 worker ants
  Terence (D:3)
  A killer bee zombie (D:9)
  2 hound zombies
  2 hound skeletons
  A worker ant zombie (D:10)
  A howler monkey skeleton (D:4)
  12 adders
  5 gnolls
  A shadow imp (D:7)
  2 oozes (D:1)
  2 worms
  A dart slug (D:2)
  5 leopard geckos
  47 orcs
  9 bats
  5 giant cockroaches
  10 goblins
  6 hobgoblins
  11 jackals
  7 quokkas
  2 ball pythons
  12 frilled lizards
  A jackal skeleton (D:9)
  10 kobolds
  6 rats
  2 bushes (Lair:3)
  A butterfly (Lair:3)
  5 fungi
  A plant (Lair:2)
413 creatures vanquished.

Vanquished Creatures (others)
  A quokka (D:6)
  18 fungi
  17 plants (Lair:3)
36 creatures vanquished.

Grand Total: 458 creatures vanquished

Notes
Turn   | Place    | Note
-------+----------+-------------------------------------------
     0 | D:1      | matakusis the Deep Elf Summoner began the quest for the Orb.
     0 | D:1      | Reached XP level 1. HP: 10/10 MP: 6/6
   145 | D:1      | Reached XP level 2. HP: 9/15 MP: 2/8
   149 | D:1      | Learned a level 2 spell: Call Imp
   232 | D:1      | Reached skill level 5 in Summonings
   953 | D:2      | Reached XP level 3. HP: 19/19 MP: 4/9
  1211 | D:2      | Found an iron altar of Okawaru.
  1718 | D:3      | Noticed Terence
  1727 | D:3      | Killed Terence
  1727 | D:3      | Reached skill level 6 in Summonings
  1727 | D:3      | Reached XP level 4. HP: 24/24 MP: 2/11
  2589 | D:3      | Learned a level 4 spell: Summon Lightning Spire
  2726 | D:4      | Noticed a phantom
  2747 | D:4      | Killed a phantom
  2747 | D:4      | Reached XP level 5. HP: 28/28 MP: 5/12
  2767 | D:4      | Noticed Eustachio
  2776 | D:4      | Reached skill level 7 in Summonings
  2854 | D:4      | Killed Eustachio
  2989 | D:4      | Reached XP level 6. HP: 11/32 MP: 0/13
  3290 | D:4      | Learned a level 4 spell: Summon Ice Beast
  3624 | D:4      | Found a glowing golden altar of the Shining One.
  3626 | D:4      | Noticed an angel
  3642 | D:4      | Found a basalt altar of Yredelemnul.
  3648 | D:4      | Noticed a profane servitor
  3778 | D:4      | Reached skill level 8 in Summonings
  3934 | D:5      | Entered Level 5 of the Dungeon
  3979 | D:5      | Noticed Edmund
  3999 | D:5      | Killed Edmund
  3999 | D:5      | Reached skill level 5 in Spellcasting
  3999 | D:5      | Reached XP level 7. HP: 36/36 MP: 2/16
  4090 | D:5      | Found a staircase to the Ecumenical Temple.
  4141 | Temple   | Entered the Ecumenical Temple
  4208 | Temple   | Became a worshipper of Sif Muna the Loreminder
  4480 | D:5      | Reached skill level 1 in Ice Magic
  4736 | D:5      | Found Kulek's Gadget Emporium.
  4813 | D:5      | Found a snail-covered altar of Cheibriados.
  4881 | D:6      | Noticed Menkaure
  5005 | D:6      | Found a white marble altar of Elyvilon.
  5042 | D:6      | Found a deep blue altar of Sif Muna.
  5066 | D:6      | Reached skill level 9 in Summonings
  5208 | D:6      | Noticed a spatial vortex
  5353 | D:6      | Got a translucent leather armour
  5367 | D:6      | Identified the +4 leather armour of the Orb Guardian {Stlth+} (You found it on level 6 of the Dungeon)
  5433 | D:6      | Killed Menkaure
  6113 | D:6      | Reached XP level 8. HP: 12/41 MP: 7/19
  6426 | D:7      | Reached * piety under Sif Muna
  6589 | D:7      | Found a hide-covered altar of Uskayaw.
  6683 | D:7      | Reached skill level 10 in Summonings
  7319 | D:8      | Reached ** piety under Sif Muna
  7473 | D:8      | Noticed Pikel
  7506 | D:8      | Killed Pikel
  7506 | D:8      | Reached skill level 11 in Summonings
  7753 | D:8      | Reached XP level 9. HP: 25/45 MP: 2/23
  7836 | D:8      | Found a bloodstained altar of Trog.
  7836 | D:8      | Found an ornate altar of the Wu Jian Council.
  8578 | D:8      | Found a sparkling altar of Nemelex Xobeh.
  8578 | D:8      | Found an opulent altar of Gozag.
  8657 | D:8      | Reached *** piety under Sif Muna
  8791 | D:9      | Got a slimy ring mail
  8792 | D:9      | Identified the +1 ring mail "Cuthahue" {rElec Int+3 Dex-3 Slay+3} (You found it on level 9 of the Dungeon)
  8930 | D:9      | Noticed a merfolk
  8941 | D:9      | Killed a merfolk
  9134 | D:9      | Reached skill level 12 in Summonings
  9241 | D:9      | Noticed a red ugly thing
  9246 | D:9      | Killed a red ugly thing
  9361 | D:9      | Found a stormy altar of Qazlal.
  9526 | D:9      | Identified a scroll of acquirement
  9529 | D:9      | Got a pitted bone amulet
  9530 | D:9      | Identified the amulet of Imeimay {Faith rC+ SInv} (You acquired it on level 9 of the Dungeon)
  9563 | D:9      | Reached skill level 10 in Spellcasting
  9593 | D:9      | Reached **** piety under Sif Muna
  9693 | D:9      | Noticed a troll
  9707 | D:9      | Killed a troll
  9827 | D:9      | Reached skill level 13 in Summonings
  9986 | D:9      | Reached XP level 10. HP: 45/50 MP: 26/26
 10000 | D:9      | Found a staircase to the Orcish Mines.
 10071 | D:10     | Entered Level 10 of the Dungeon
 10078 | D:10     | Noticed a two-headed ogre
 10133 | D:10     | Killed a two-headed ogre
 10391 | D:10     | Reached ***** piety under Sif Muna
 10412 | D:10     | Received a gift from Sif Muna
 10433 | D:10     | Learned a level 5 spell: Summon Forest
 10439 | D:10     | Learned a level 5 spell: Summon Demon
 10913 | D:10     | Found a staircase to the Lair.
 11034 | Lair:1   | Entered Level 1 of the Lair of Beasts
 11035 | Lair:1   | Noticed Erica
 11042 | Lair:1   | Noticed Grum
 11056 | Lair:1   | Killed Erica
 11056 | Lair:1   | Reached skill level 14 in Summonings
 11057 | Lair:1   | Killed Grum
 11342 | Lair:1   | Noticed a spiny frog
 11348 | Lair:1   | Killed a spiny frog
 11411 | Lair:1   | Noticed Sonja
 11413 | Lair:1   | Noticed an orange demon
 11522 | Lair:1   | Killed Sonja
 11967 | Lair:2   | Learned a level 3 spell: Confuse
 12241 | Lair:2   | Reached skill level 1 in Hexes
 12269 | Lair:2   | Learned a level 6 spell: Shadow Creatures
 12269 | Lair:2   | Noticed an eight-headed hydra
 12274 | Lair:2   | Killed an eight-headed hydra
 12365 | Lair:2   | Found a hole to the Spider Nest.
 12381 | Lair:2   | Reached XP level 11. HP: 46/54 MP: 29/29
 12499 | Lair:2   | Reached skill level 15 in Summonings
 12506 | Lair:2   | Identified Sif Muna's Collected Works on Lucky Beguiling (Sif Muna gifted it to you on level 2 of the Lair of Beasts)
 12506 | Lair:2   | Received a gift from Sif Muna
 13057 | Lair:3   | Found a staircase to the Swamp.
 13603 | Lair:3   | Noticed a six-headed hydra
 13607 | Lair:3   | Noticed a wolf spider
 13609 | Lair:3   | Killed a six-headed hydra
 13612 | Lair:3   | Killed a wolf spider
 13976 | Lair:3   | Got a scorched bone ring
 13978 | Lair:3   | Identified the ring "Defaun" {rCorr rN+ MR- Stlth+} (You acquired it on level 3 of the Lair of Beasts)
 14507 | Lair:4   | Identified Sif Muna's Volume of Unholy Secrets (Sif Muna gifted it to you on level 4 of the Lair of Beasts)
 14507 | Lair:4   | Received a gift from Sif Muna
 14529 | Lair:4   | Reached skill level 16 in Summonings
 14693 | Lair:4   | Reached skill level 5 in Hexes
 14876 | Lair:4   | Found a bloodstained altar of Trog.
 15169 | Lair:5   | Reached XP level 12. HP: 47/59 MP: 18/32
 15275 | Lair:5   | Slain by a red devil

Vault maps used:
D:1:      dpeg_arrival_chase
D:2:      okawaru_altar_gauntlet_db, kennysheep_generic_room_10
D:3:      kennysheep_flooded_box, uniq_terence
D:4:      grunt_temple_overflow_holy_war, uniq_eustachio
D:5:      lemuel_round_altar, minmay_temple_entry_grid, first_ration,
          serial_shops, nicolae_shop_behind_doors, amethyst_killhole,
          uniq_edmund
D:6:      basic_altar, serial_bayou_pond_d, elyvilon_altar_4, uniq_menkaure
D:7:      basic_altar, minmay_misc_feat_plants
D:8:      grunt_temple_overflow_opulence, gammafunk_temple_overflow_wave,
          special_room, serial_glass, glass_columns_b, glass_columns_c,
          glass_columns_a, glass_columns_a, glass_columns_a, glass_columns_b,
          glass_columns_c, glass_columns_a, uniq_pikel
D:9:      marbit_many_paths, kennysheep_orc_monster_closet_entryway,
          hangedman_fish_farm
D:10:     minmay_lair_entry_lava
Temple:   oiseaux_autumnal_temple
Lair:1:   infiniplex_staircase_pool, uniq_sonja, uniq_erica, uniq_grum
Lair:2:   spider_nest_entry_webs, minmay_hedge_maze, grunt_megastairs_5
Lair:3:   minmay_lair_venomous_thicket, swamp_mist_pool, lemuel_fruit_fields,
          grunt_megastairs_2
Lair:4:   basic_altar, beast_lair_carwin_10, grunt_megastairs_4
Lair:5:   portal_ice_cave_demonic_guard, serial_bayou_shore_b,
          serial_bayou_shore_b

Skill      XL: |  1  2  3  4  5  6  7  8  9 10 11 |
---------------+----------------------------------+-----
Summonings     | 5 6 7 8 9 11 13 14 16 | 16.5
Spellcasting   | 5 6 8 10 12 14 | 14.0
Ice Magic      | 1 |  1.1
Hexes          | 1 5 |  5.2
Bows           | |  0.8
Dodging        | |  2.4
Stealth        | |  2.5
Air Magic      | |  0.2

Action                   |  1- 3 |  4- 6 |  7- 9 | 10-12 || total
-------------------------+-------+-------+-------+-------++-------
Melee: Unarmed           |     2 |     1 |       |       ||     3
       Dagger            |       |    20 |    16 |       ||    36
 Fire: Shortbow          |       |       |     5 |       ||     5
 Cast: Summon Small Mamm |    17 |     1 |       |       ||    18
       Call Imp          |    42 |    34 |    16 |       ||    92
       Summon Lightning  |       |    15 |    68 |    65 ||   148
       Summon Ice Beast  |       |     8 |    63 |     8 ||    79
       Summon Demon      |       |       |       |    66 ||    66
       Summon Forest     |       |       |       |     7 ||     7
       Shadow Creatures  |       |       |       |    10 ||    10
       Confuse           |       |       |       |     1 ||     1
Invok: Divine Energy     |       |       |       |     1 ||     1
Evoke: Wand              |       |       |       |     1 ||     1
  Use: Scroll            |     5 |     4 |    17 |    14 ||    40
       Potion            |       |       |       |     1 ||     1
 Stab: Distracted        |       |     1 |     1 |       ||     2
  Eat: Chunk             |     4 |    11 |    25 |    22 ||    62
       Ration            |       |       |     1 |       ||     1
Armor: Robe              |     9 |     9 |       |     1 ||    19
       Leather armour    |       |       |    24 |       ||    24
       Ring mail         |       |       |     6 |    13 ||    19
Dodge: Dodged            |    28 |    25 |    31 |    25 ||   109

Table legend:
 A = Spawn XP
 B = Non-spawn XP
 C = Spawn XP percentage of total XP
 D = Spawn monster count
 E = Non-spawn monster count
 F = Spawn count percentage of total count
 G = Total turns spent on level
                    A         B        C        D         E        F      G
               +---------+---------+-------+---------+---------+-------+---------
         Total |       0 |   22472 |   0.0 |       0 |     411 |   0.0 | 15275
               +---------+---------+-------+---------+---------+-------+---------
           D:1 |       0 |      40 |   0.0 |       0 |      32 |   0.0 |   947
           D:2 |       0 |      45 |   0.0 |       0 |      22 |   0.0 |   758
           D:3 |       0 |      84 |   0.0 |       0 |      25 |   0.0 |   904
           D:4 |       0 |     440 |   0.0 |       0 |      27 |   0.0 |  1325
           D:5 |       0 |     321 |   0.0 |       0 |      20 |   0.0 |   822
           D:6 |       0 |     527 |   0.0 |       0 |      18 |   0.0 |  1248
           D:7 |       0 |     532 |   0.0 |       0 |      20 |   0.0 |  1049
           D:8 |       0 |    1241 |   0.0 |       0 |      41 |   0.0 |  1399
           D:9 |       0 |    2411 |   0.0 |       0 |      48 |   0.0 |  1401
          D:10 |       0 |    1270 |   0.0 |       0 |      29 |   0.0 |   963
        Lair:1 |       0 |    2212 |   0.0 |       0 |      19 |   0.0 |   876
        Lair:2 |       0 |    3525 |   0.0 |       0 |      31 |   0.0 |  1119
        Lair:3 |       0 |    4216 |   0.0 |       0 |      39 |   0.0 |  1259
        Lair:4 |       0 |    4526 |   0.0 |       0 |      32 |   0.0 |   848
        Lair:5 |       0 |    1082 |   0.0 |       0 |       8 |   0.0 |   139
               +---------+---------+-------+---------+---------+-------+---------
